 Dungeon Crawl Stone Soup version 0.20.1-1-g8b1a95d (webtiles) character file.

3683 Irenicus the Martial Artist (level 10, -2/96 HPs)
             Began as an Octopode Chaos Knight on Nov 3, 2017.
             Slain by a hornet (4 damage)
             ... on level 8 of the Dungeon.
             The game lasted 00:22:16 (6655 turns).

Irenicus the Martial Artist (Octopode Chaos Knight) Turns: 6655, Time: 00:22:17

Health: -2/96      AC: 25    Str: 13    XL:     10   Next: 13%
Magic:  12/12      EV:  2    Int: 14    God:    Xom [..*...]
Gold:   391        SH:  5    Dex: 16    Spells: 8/9 levels left

rFire    . . .     SeeInvis .     - Unarmed
rCold    . . .     Gourm    .   o - +0 buckler (curse)
rNeg     + + +     Faith    .   (helmet currently unavailable)
rPois    +         Spirit   .   (no amulet)
rElec    .         Reflect  .   f - ring of protection from magic
rCorr    .         Harm     .   (no ring)
MR       +....     Clarity  +   (no ring) Stlth ++........NoTele +
                                (no ring)
Regen    0.3/turn               (no ring)
MPRegen  0.2/turn               (no ring)
                                (no ring)
                                (no ring)

@: lethally poisoned (-2 -> -7), tree-form, slowed, very slow
A: almost no armour, stealthy swim, (amphibious), 8 rings, (constrict 8), rugged
brown scales 1, blurry vision 1, clarity, high mp 2, strong 1, evolution 1
a: Renounce Religion


You were on level 8 of the Dungeon.
You worshipped Xom.
You were a toy of Xom.
You were not hungry.
You were a tree.
You visited 2 branches of the dungeon, and saw 9 of its levels.

You collected 391 gold pieces.

Inventory:

Hand Weapons
 q - the +5 dagger "Romyhair" {pierce, rN++ Dex+4}
   (You found it on level 4 of the Dungeon)

   It inflicts extra damage upon your enemies.
   It affects your dexterity (+4).
   It greatly protects you from negative energy.
 x - the +3 trident "Lisaemop" {pierce, rN++}
   (You found it on level 5 of the Dungeon)

   It inflicts extra damage upon your enemies.
   It greatly protects you from negative energy.
Armour
 o - a cursed +0 buckler (worn)
 t - a +1 hat (melded)
Jewellery
 f - a ring of protection from magic (left branch)
Wands
 l - a wand of iceblast (5/15)
 v - a wand of flame (13/48)
 y - a wand of random effects (0/48)
 D - a wand of lightning (7/15)
Scrolls
 c - 2 scrolls of identify
 d - a scroll of enchant weapon {unknown}
 g - 4 scrolls of remove curse
 h - a scroll of teleportation
 j - a scroll of noise {unknown}
 m - a scroll of amnesia {unknown}
 n - a scroll of immolation {unknown}
 s - a scroll of fear {unknown}
 w - 2 scrolls of acquirement {unknown}
 z - 2 scrolls of enchant armour {unknown}
 B - 2 scrolls of recharging
Potions
 b - a potion of lignification
 e - 4 potions of curing
 p - 3 potions of brilliance
 r - a potion of invisibility
 u - 2 potions of berserk rage
 A - a potion of mutation {unknown}
 C - a potion of agility
Books
 F - a book of Changes

   Spells                             Type                      Level
   a - Beastly Appendage              Transmutation                1
   b - Sticks to Snakes               Transmutation                2
   c - Spider Form                    Transmutation/Poison         3
   d - Ice Form                       Ice/Transmutation            4
   e - Blade Hands                    Transmutation                5
Comestibles
 a - 5 bread rations
 i - 4 royal jellies
 k - 4 fruits
 E - 3 chunks of flesh


   Skills:
 - Level 3.0 Fighting
   Level 0.6 Axes
 - Level 2.3 Dodging
 - Level 3.4 Stealth
 - Level 5.3 Shields
 - Level 12.5 Unarmed Combat
 + Level 2.4 Transmutations
 - Level 1.0 Evocations


You had 8 spell levels left.
You knew the following spells:

 Your Spells              Type           Power        Failure   Level  Hunger
a - Beastly Appendage     Tmut           #.....       11%         1    ##.....


Dungeon Overview and Level Annotations

Branches:
Dungeon (8/15)             Temple (1/1) D:4
   Lair: D:8-11

Altars:
Dithmenos
Hepliaklqana
Qazlal
Sif Muna
Trog
Vehumet
Xom
The Shining One


Innate Abilities, Weirdness & Mutations

You cannot wear most types of armour.
You are very stealthy in the water. (Stealth+)
((You are amphibious.))
You can wear up to eight rings at the same time.
((You can use your tentacles to constrict eight enemies at once.))
((Your skin changes colour to match your surroundings (Stealth+).))
((Your rubbery body absorbs attacks. (AC +1, EV +1)))
(You are partially covered in rugged brown scales. (AC +1, +3% HP))
Scrolls take you a little longer to read.
You possess an exceptional clarity of mind.
((Your flesh is cold resistant. (rC+)))
You have a considerably increased reservoir of magic. (+20% MP)
Your muscles are strong. (Str +2)
You evolve.


Message History

* * * LOW HITPOINT WARNING * * *
You emit a cloud of colourful smoke!
You feel yourself slow down. The hornet stings you!
* * * LOW HITPOINT WARNING * * *
You are lethally poisoned!
You feel as though you will be slow longer.
You can move again.
You feel better. You block the hornet's attack. The hornet stings you!
* * * LOW HITPOINT WARNING * * *
You are lethally poisoned!
You feel as though you will be slow longer.
Unknown command.
Your tentacle spike disappears.
You turn into a tree.
Your +1 hat melds into your body.
Your roots penetrate the ground.
* * * LOW HITPOINT WARNING * * *
You feel sick.
The hornet stings you but does no damage.
The hornet stings you.
You die...

# #..........# ###..#
#.........## ###....# ##........#
##......# ####### #......###
#......## ......######.....##
##......### ............##.###
#......##.. ............##§#.#
#..........
#####.......#.#y#######..........
##########.#♣#..#............
#y#§###.............. ##§#
##............. ## ###......†....
##### ##.......... ##...#
###......... #....## #...........
##^...# #........... ##...#
#######.....


You could see a hornet.

Vanquished Creatures
  A wyvern (D:8)
  2 steam dragons (D:5)
  2 soldier ants (D:8)
  2 water moccasins
  3 orc warriors
  3 phantoms
  3 ogres
  2 centaurs
  2 bullfrogs
  A gnoll sergeant (D:8)
  A scorpion (D:8)
  9 killer bees
  7 wights
  3 howler monkeys (D:7)
  3 crimson imps
  A bullfrog zombie (D:8)
  A jelly (D:7)
  3 hounds
  5 orc priests
  3 orc wizards
  3 bullfrog skeletons
  A worker ant (D:8)
  Natasha (D:3)
  2 gnolls (D:8)
  9 adders
  A shadow imp (D:7)
  3 oozes
  2 adder zombies
  5 dart slugs
  4 leopard geckos
  19 orcs
  A ball python (D:3)
  6 bats
  8 giant cockroaches
  6 hobgoblins
  11 jackals
  3 kobolds (D:2)
  5 quokkas
  3 frilled lizards
  A giant cockroach zombie (D:6)
  5 goblins
  A goblin skeleton (D:7)
  A goblin zombie (D:7)
  3 hobgoblin zombies (D:7)
  An orc skeleton (D:7)
  An orc zombie (D:7)
  5 rats
  A fungus (D:5)
169 creatures vanquished.

Vanquished Creatures (collateral kills)
  A wight (D:6)
1 creature vanquished.

Grand Total: 170 creatures vanquished

Notes
Turn   | Place    | Note
-------+----------+-------------------------------------------
     0 | D:1      | Irenicus the Octopode Chaos Knight began the quest for the Orb.
     0 | D:1      | Reached XP level 1. HP: 16/16 MP: 1/1
    49 | D:1      | XOM: divination: detect items
   123 | D:1      | Reached XP level 2. HP: 18/21 MP: 2/2
   215 | D:1      | XOM: divination: detect creatures
   274 | D:1      | Reached skill level 4 in Unarmed Combat
   370 | D:1      | XOM: silly message
   426 | D:1      | Reached XP level 3. HP: 21/26 MP: 3/3
   531 | D:1      | XOM: harmless Conj miscast
   716 | D:1      | XOM: silly message
   964 | D:2      | Reached XP level 4. HP: 3/31 MP: 4/4
  1106 | D:2      | XOM: mild Air miscast
  1216 | D:3      | Found a radiant altar of Vehumet.
  1377 | D:3      | Reached skill level 5 in Unarmed Combat
  1615 | D:3      | Noticed Natasha
  1623 | D:3      | XOM: give mutations
  1623 | D:3      | Gained mutation: Scrolls take you a little longer to read. [Xom's mischief]
  1623 | D:3      | Gained mutation: Your flesh is cold resistant. (rC+) [Xom's mischief]
  1624 | D:3      | Killed Natasha
  1624 | D:3      | Reached XP level 5. HP: 27/36 MP: 5/5
  1657 | D:3      | XOM: cast spell 'Statue Form'
  1720 | D:3      | XOM: butterfly on damage
  1734 | D:3      | Reached skill level 6 in Unarmed Combat
  1815 | D:4      | Got a translucent dagger
  1816 | D:4      | Identified the +5 dagger "Romyhair" {pierce, rN++ Dex+4} (You found it on level 4 of the Dungeon)
  1973 | D:4      | Found a staircase to the Ecumenical Temple.
  1982 | Temple   | Entered the Ecumenical Temple
  2001 | D:4      | Reached XP level 6. HP: 42/42 MP: 6/6
  2161 | D:4      | XOM: 1-stop teleportation journey
  2479 | D:4      | XOM: enchant monster (good)
  2484 | D:4      | Reached skill level 7 in Unarmed Combat
  2511 | D:5      | Entered Level 5 of the Dungeon
  2526 | D:5      | Noticed a phantom
  2535 | D:5      | XOM: cleaving
  2549 | D:5      | XOM: confuse monster(s)
  2566 | D:5      | Killed a phantom
  2566 | D:5      | Reached XP level 7. HP: 15/46 MP: 7/7
  2662 | D:5      | XOM: noise
  2666 | D:5      | Reached skill level 8 in Unarmed Combat
  2708 | D:5      | Got a pitted trident
  2709 | D:5      | Identified the +3 trident "Lisaemop" {pierce, rN++} (You found it on level 5 of the Dungeon)
  2725 | D:5      | XOM is BORED!
  2725 | D:5      | XOM: medium Pois miscast
  2766 | D:5      | Found a bloodstained altar of Trog.
  2766 | D:5      | Found a stormy altar of Qazlal.
  3097 | D:5      | XOM: summons 1 hostile shadow creature
  3209 | D:5      | Noticed a steam dragon
  3216 | D:5      | Noticed a steam dragon
  3225 | D:5      | Killed a steam dragon
  3241 | D:5      | XOM: scenery: create altars
  3254 | D:5      | XOM: summons 2 friendly demons
  3267 | D:5      | Killed a steam dragon
  3267 | D:5      | Reached skill level 9 in Unarmed Combat
  3267 | D:5      | Reached XP level 8. HP: 17/52 MP: 8/8
  3433 | D:6      | XOM: enchant monster (good)
  3533 | D:6      | XOM: cast spell 'Shadow Creatures'
  3544 | D:6      | Reached skill level 1 in Evocations
  3633 | D:6      | Reached skill level 10 in Unarmed Combat
  3678 | D:6      | XOM: summons 4 friendly demons
  3696 | D:6      | HP: 1/52 [wight/enchanted long sword (2)]
  3940 | D:7      | XOM: 2-stop teleportation journey
  3974 | D:7      | Reached skill level 1 in Stealth
  4019 | D:7      | XOM: summons friendly crimson imp
  4091 | D:7      | HP: 2/52 [orc warrior/hand axe (14)]
  4280 | D:7      | XOM: give mutations
  4280 | D:7      | Gained mutation: You have an increased reservoir of magic. (+10% MP) [Xom's grace]
  4280 | D:7      | Gained mutation: Your flesh is very cold resistant. (rC++) [Xom's grace]
  4280 | D:7      | Gained mutation: You have a considerably increased reservoir of magic. (+20% MP) [Xom's grace]
  4280 | D:7      | Gained mutation: You possess an exceptional clarity of mind. [Xom's grace]
  4299 | D:7      | XOM: give mutations
  4299 | D:7      | Gained mutation: You evolve. [Xom's grace]
  4299 | D:7      | Gained mutation: Your muscles are strong. (Str +2) [Xom's grace]
  4299 | D:7      | Gained mutation: You are resistant to hostile enchantments. (MR+) [Xom's grace]
  4325 | D:7      | Reached skill level 11 in Unarmed Combat
  4325 | D:7      | Reached XP level 9. HP: 45/56 MP: 11/11
  4363 | D:7      | XOM: scenery: 1 doors close
  4395 | D:7      | Found a glowing golden altar of the Shining One.
  4423 | D:7      | XOM: swap monsters
  4474 | D:7      | XOM: torment (10/56 hp)
  4730 | D:6      | Found a shadowy altar of Dithmenos.
  4731 | D:6      | Found a hazy altar of Hepliaklqana.
  4801 | D:6      | Reached skill level 1 in Shields
  4916 | D:6      | XOM: fake destruction
  4956 | D:6      | XOM: potion effect (agility)
  5212 | D:6      | Gained mutation: You are occasionally teleported next to monsters. [evolution]
  5595 | D:7      | XOM: harmless Fire miscast
  5609 | D:7      | XOM: divination: magic mapping
  5650 | D:7      | XOM: give mutation
  5650 | D:7      | Gained mutation: You are partially covered in rugged brown scales. (AC +1, +3% HP) [Xom's grace]
  5671 | D:8      | XOM: butterfly on damage
  5672 | D:8      | Reached skill level 5 in Shields
  5761 | D:8      | XOM: give mutations
  5761 | D:8      | Lost mutation: You are occasionally teleported next to monsters. [Xom's mischief]
  5761 | D:8      | Lost mutation: You are resistant to hostile enchantments. (MR+) [Xom's mischief]
  5761 | D:8      | Lost mutation: Your flesh is very cold resistant. (rC++) [Xom's mischief]
  5764 | D:8      | XOM: chaos upgrade
  6023 | D:8      | XOM: medium Fire miscast
  6150 | D:8      | XOM: severe Erth miscast
  6199 | D:8      | XOM: divination: magic mapping
  6320 | D:8      | Reached skill level 12 in Unarmed Combat
  6432 | D:8      | XOM: potion effect (berserk rage)
  6438 | D:8      | Reached XP level 10. HP: 30/64 MP: 12/12
  6608 | D:8      | Learned a level 1 spell: Beastly Appendage
  6638 | D:8      | Reached skill level 1 in Transmutations
  6644 | D:8      | XOM: harmless Summ miscast
  6652 | D:8      | Paralysed by a hornet for 1 turns
  6653 | D:8      | XOM: smoke on damage
  6654 | D:8      | HP: 2/64 [hornet (13)]
  6655 | D:8      | Slain by a hornet

Skill      XL: |  1  2  3  4  5  6  7  8  9 10 |
---------------+-------------------------------+-----
Unarmed Combat | 4 5 6 7 9 11 12 | 12.5
Evocations     | 1 |  1.0
Stealth        | 3 |  3.4
Shields        | 5 |  5.3
Transmutations | 2 |  2.4
Fighting       | |  3.0
Axes           | |  0.6
Dodging        | |  2.3

Action                   |  1- 3 |  4- 6 |  7- 9 | 10-12 || total
-------------------------+-------+-------+-------+-------++-------
Melee: Unarmed           |    29 |   106 |   234 |    24 ||   393
       Constrict         |    20 |    28 |    48 |     8 ||   104
       Punch             |     3 |     3 |    22 |     2 ||    30
       Tentacles         |    17 |    21 |    36 |     6 ||    80
       Hand axe          |    52 |     7 |       |       ||    59
       Kick              |       |       |       |     9 ||     9
 Cast: Beastly Appendage |       |       |       |     3 ||     3
Evoke: Wand              |       |       |    10 |       ||    10
  Use: Scroll            |     4 |     2 |     2 |       ||     8
       Potion            |       |     1 |     3 |     2 ||     6
 Stab: Sleeping          |    12 |     3 |     6 |       ||    21
       Paralysed         |       |     4 |     4 |       ||     8
       Distracted        |       |       |     1 |     1 ||     2
  Eat: Chunk             |       |     4 |    12 |     2 ||    18
       Fruit             |       |     1 |       |       ||     1
Armor: Skin              |     9 |     9 |    33 |     1 ||    52
Dodge: Dodged            |    56 |    51 |    66 |    15 ||   188
Block: Buckler           |       |       |    18 |     6 ||    24
